Map: Year Zero LE

Players

Serral - Winner!

  • Race: Zerg Zerg
  • League: Master
  • Spawn Location: 1:00

Elazer

  • Race: Zerg Zerg
  • Spawn Location: 11:00

Event: 2019 WCS Winter Europe

VOD

Have the link to the VOD?

Description

Time

  • Played on: March 24, 2019, 11:21 a.m.
  • Length: 16:43

All games in this series

Show
View Real Time Build Order
Export as new Build Order

Serral Zerg - Winner!

Build Orders: Hatch First, Lurkers 

Get SALT Encoding   

  12  0:00  Drone  
  13  0:13  Overlord  
  13  0:17  Drone  
  14  0:31  Drone x2  
  16  0:49  Hatchery  
  15  0:52  Drone  
  15  0:56  Drone  
  17  0:59  Drone  
  18  1:10  Extractor  
  17  1:15  Spawning Pool  
  17  1:18  Drone  
  17  1:22  Drone  
  18  1:28  Drone  
  19  1:39  Drone  
  20  1:49  Drone  
  21  2:00  Overlord  
  21  2:01  Queen  
  21  2:02  Queen  
  21  2:03  Zergling x2  
  26  2:11  Metabolic Boost  
  26  2:12  Drone  
  26  2:14  Drone  
  28  2:22  Drone x2  
  30  2:36  Hatchery  
  29  2:43  Drone x3  
  32  2:50  Drone  
  33  2:51  Baneling Nest  
  33  2:56  Overlord  
  32  2:58  Drone  
  32  3:05  Drone x2  
  34  3:11  Drone  
  36  3:15  Zergling x8  
  40  3:21  Overlord  
  40  3:22  Zergling x2  
  40  3:24  Drone  
  41  3:28  Queen  
  41  3:33  Evolution Chamber  
  42  3:34  Baneling  
  42  3:38  Overlord  
  42  3:40  Drone  
  43  3:41  Drone  
  43  3:44  Drone x2  
  43  3:45  Drone  
  43  3:47  Drone  
  48  3:49  Drone  
  48  3:51  Drone  
  48  3:53  Drone  
  48  3:55  Drone  
  52  3:56  Drone  
  52  4:00  Zerg Missile Weapons Level 1  
  54  4:02  Drone  
  54  4:04  Drone  
  54  4:09  Drone  
  56  4:10  Drone  
  56  4:14  Lair  
  56  4:16  Overlord  
  57  4:18  Drone  
  57  4:19  Drone  
  57  4:21  Extractor, Drone  
  57  4:22  Extractor  
  57  4:23  Zergling x2  
  59  4:29  Roach Warren, Drone x2  
  59  4:30  Drone  
  61  4:32  Drone  
  61  4:34  Zergling x2  
  61  4:36  Drone x2  
  65  4:41  Overlord  
  65  4:42  Drone  
  65  4:45  Drone  
  65  4:46  Drone x3  
  65  4:48  Pneumatized Carapace  
  65  4:51  Overlord  
  69  4:55  Drone x2  
  69  4:56  Extractor, Drone  
  69  4:57  Drone  
  69  4:59  Drone  
  73  5:00  Extractor  
  73  5:01  Extractor, Drone  
  73  5:05  Overlord  
  72  5:07  Drone x2  
  72  5:08  Drone x2  
  76  5:17  Overseer  
  76  5:20  Baneling, Drone x2  
  76  5:21  Drone x2  
  78  5:24  Glial Reconstitution  
  78  5:28  Overlord  
  79  5:29  Overlord  
  79  5:34  Roach x2  
  83  5:35  Hatchery  
  83  5:40  Roach x2  
  83  5:42  Evolution Chamber  
  85  5:44  Roach x3  
  85  5:46  Baneling x2  
  85  5:47  Baneling  
  91  5:52  Drone  
  91  5:54  Roach x2  
  91  5:55  Spore Crawler  
  95  5:57  Overseer  
  95  6:00  Roach x3  
  101  6:07  Zerg Missile Weapons Level 2  
  101  6:09  Zerg Ground Armor Level 1  
  101  6:10  Overlord  
  101  6:12  Overlord  
  101  6:14  Roach  
  101  6:15  Roach  
  105  6:20  Drone x3  
  105  6:21  Drone  
  105  6:22  Overlord  
  105  6:24  Overlord  
  109  6:30  Roach x3  
  115  6:34  Roach x2  
  115  6:39  Roach x3  
  125  6:46  Roach x4  
  132  6:51  Roach x3  
  136  6:57  Roach x4  
  145  7:01  Ravager x3  
  145  7:02  Ravager  
  145  7:05  Roach  
  145  7:06  Roach  
  152  7:09  Overlord x2  
  152  7:10  Overlord x2  
  152  7:13  Spore Crawler, Drone  
  152  7:30  Overlord  
  152  7:32  Roach x11  
  174  7:39  Roach x2, Zergling x2  
  174  7:43  Drone x2  
  175  7:45  Drone x2  
  175  7:50  Roach x3  
  183  8:04  Overlord x2  
  183  8:10  Infestation Pit, Overlord  
  183  8:11  Overlord  
  182  8:21  Extractor, Drone x2  
  182  8:22  Drone  
  182  8:23  Spine Crawler x2  
  182  8:40  Queen  
  177  8:42  Roach x9  
  177  8:47  Roach x3  
  196  8:55  Roach x4  
  190  8:58  Ravager x2  
  184  9:03  Roach x3  
  184  9:08  Roach x3  
  160  9:10  Roach  
  160  9:11  Roach x4  
  160  9:15  Roach x2  
  152  9:19  Roach x2  
  152  9:22  Roach x2  
  142  9:27  Roach x2  
  140  9:32  Roach x2  
  140  9:36  Roach  
  148  9:38  Roach  
  148  9:42  Roach, Overseer  
  148  9:43  Overseer  
  148  9:44  Ravager  
  148  9:45  Ravager  
  152  9:46  Ravager x3  
  152  9:48  Roach x2  
  159  9:53  Queen  
  159  9:54  Roach x3  
  159  9:58  Roach x2  
  159  9:59  Roach  
  171  10:08  Roach x5  
  178  10:14  Roach x4  
  182  10:22  Hive  
  182  10:23  Zerg Ground Armor Level 2  
  182  10:29  Tunneling Claws  
  182  10:30  Burrow  
  182  10:32  Drone x3  
  182  10:35  Overseer  
  185  10:36  Overseer  
  185  10:41  Roach x3  
  189  10:43  Ravager x2  
  189  10:47  Ravager  
  189  10:48  Ravager, Roach x3  
  199  11:05  Overseer  
  195  11:17  Hydralisk Den  
  194  11:20  Ravager, Roach x2  
  194  11:22  Ravager  
  195  11:41  Roach x4  
  170  11:54  Zerg Missile Weapons Level 3  
  152  12:02  Roach x10  
  152  12:05  Roach x9  
  168  12:10  Roach x16  
  168  12:13  Muscular Augments  
  168  12:16  Roach x12  
  200  12:23  Overseer  
  200  12:34  Hydralisk x4  
  200  12:38  Lurker Den  
  200  12:40  Hatchery  
  198  12:45  Zerg Ground Armor Level 3  
  198  12:47  Hydralisk  
  200  12:57  Overseer  
  198  13:20  Roach x11  
  198  13:24  Grooved Spines  
  186  13:32  Hydralisk x5  
  186  13:33  Roach x13  
  194  13:35  Hydralisk x2  
  194  13:38  Roach x2  
  194  13:41  Hydralisk x3  
  179  13:49  Hydralisk x2  
  179  13:50  Roach x5  
  179  13:53  Hydralisk x2  
  179  13:54  Hydralisk x3  
  185  13:56  Roach x7  
  185  14:01  Roach  
  199  14:10  Roach  
  199  14:12  Overseer  
  199  14:15  Roach  
  199  14:16  Roach  
  200  14:19  Roach x2  
  200  14:22  Roach  
  194  14:30  Adaptive Talons  
  194  14:31  Drone x5  
  166  14:32  Drone x2  
  166  14:34  Extractor  
  166  14:36  Drone  
  166  14:37  Drone x2  
  162  14:40  Roach x4  
  170  14:47  Lurker x5  
  175  15:00  Roach x15, Extractor  
  175  15:01  Extractor  
  175  15:02  Drone x3  
  175  15:05  Hydralisk  
  175  15:06  Hydralisk x3  
  184  15:20  Hydralisk x5  
  186  15:33  Overlord  
  186  15:34  Overlord  
  186  15:38  Overlord  
  186  15:39  Overlord  
  184  15:45  Overlord  
  184  15:52  Roach x12  
  178  16:13  Roach x6  
  178  16:15  Roach  
  178  16:17  Roach x3  
Show
View Real Time Build Order
Export as new Build Order

Elazer Zerg 

Build Orders: Hatch First 

Get SALT Encoding   

  12  0:00  Drone  
  13  0:12  Overlord  
  13  0:17  Drone  
  14  0:31  Drone x2  
  16  0:49  Hatchery  
  15  0:52  Drone  
  15  0:56  Drone  
  17  0:59  Drone  
  18  1:10  Extractor  
  17  1:15  Spawning Pool  
  16  1:18  Drone  
  16  1:21  Drone  
  18  1:28  Drone  
  19  1:39  Drone  
  20  1:50  Drone  
  21  2:00  Overlord  
  21  2:01  Queen  
  21  2:02  Queen, Drone  
  26  2:10  Metabolic Boost  
  26  2:13  Drone  
  26  2:14  Drone  
  28  2:22  Drone  
  29  2:24  Zergling x2  
  30  2:33  Zergling x2  
  30  2:34  Drone  
  32  2:41  Hatchery  
  31  2:49  Drone, Baneling Nest  
  31  2:50  Drone  
  32  2:56  Overlord  
  32  2:58  Drone  
  33  3:04  Drone  
  34  3:09  Drone  
  35  3:14  Drone  
  35  3:16  Drone x2  
  35  3:18  Drone  
  39  3:22  Drone  
  39  3:23  Overlord  
  39  3:24  Queen  
  42  3:29  Drone x2  
  44  3:42  Evolution Chamber, Drone  
  44  3:45  Drone x6  
  50  3:51  Zergling x2  
  50  3:52  Zergling x2  
  50  3:55  Overlord  
  51  3:59  Zergling x4  
  53  4:06  Lair  
  53  4:08  Zergling x2, Zerg Missile Weapons Level 1  
  53  4:09  Zergling x2  
  55  4:10  Drone  
  55  4:13  Extractor  
  55  4:14  Extractor, Drone x3  
  55  4:16  Drone  
  58  4:19  Drone  
  59  4:27  Roach Warren  
  59  4:28  Overlord  
  59  4:31  Drone x2  
  59  4:36  Drone x4  
  64  4:45  Drone x2  
  66  4:47  Pneumatized Carapace  
  66  4:48  Drone x7  
  73  4:53  Overlord, Extractor  
  73  4:55  Extractor  
  73  4:56  Drone  
  73  4:58  Drone  
  73  5:01  Overlord  
  73  5:02  Drone  
  73  5:06  Overseer  
  74  5:07  Extractor  
  74  5:11  Drone x3  
  76  5:16  Drone x2  
  76  5:21  Roach x6  
  89  5:22  Glial Reconstitution  
  89  5:28  Overlord  
  89  5:31  Overlord  
  89  5:43  Overlord  
  89  5:45  Hatchery  
  89  5:46  Evolution Chamber  
  89  5:47  Drone x3  
  89  5:49  Roach x3  
  96  5:51  Baneling x3  
  96  5:58  Roach x4  
  96  6:04  Zerg Missile Weapons Level 2, Drone x4  
  107  6:06  Drone  
  107  6:08  Baneling  
  109  6:11  Overlord  
  109  6:13  Zerg Ground Armor Level 1  
  109  6:15  Roach  
  111  6:22  Roach  
  111  6:23  Overlord  
  113  6:29  Overlord  
  113  6:31  Roach x4  
  121  6:36  Overlord  
  121  6:38  Overlord  
  122  6:40  Drone  
  122  6:44  Overlord  
  121  6:50  Roach x6  
  132  6:58  Overlord  
  132  7:04  Overlord  
  132  7:09  Roach x11  
  132  7:12  Overlord  
  132  7:15  Overlord  
  154  7:16  Overlord  
  154  7:18  Overlord  
  154  7:20  Overlord  
  154  7:21  Overlord  
  154  7:25  Burrow  
  160  7:30  Roach x3  
  160  7:35  Overlord  
  160  7:40  Roach x3  
  160  7:41  Roach x3  
  170  7:45  Tunneling Claws  
  170  7:46  Extractor  
  170  7:47  Overlord, Drone x3  
  170  7:51  Roach x3  
  177  7:59  Overlord  
  177  8:01  Overlord  
  177  8:05  Roach x5  
  187  8:07  Ravager x3  
  187  8:10  Ravager  
  187  8:11  Ravager  
  192  8:23  Roach x3  
  192  8:25  Ravager  
  199  8:29  Infestation Pit  
  198  8:35  Spine Crawler x2  
  198  8:36  Spine Crawler  
  198  8:39  Drone x3  
  191  8:46  Roach x4  
  183  8:56  Ravager  
  183  8:57  Roach x7  
  188  9:07  Roach x8  
  188  9:08  Overlord  
  177  9:12  Roach x4  
  158  9:21  Roach x4  
  141  9:28  Roach x3  
  138  9:35  Drone x4  
  142  9:39  Drone  
  143  9:46  Drone x3  
  143  9:49  Ravager x3, Roach x6  
  143  9:52  Roach x2  
  153  9:59  Overlord  
  152  10:01  Roach x8  
  161  10:16  Roach x7  
  165  10:22  Roach x3  
  165  10:24  Roach x2  
  165  10:26  Overlord  
  165  10:30  Ravager  
  165  10:31  Ravager x2  
  165  10:33  Roach x5  
  177  10:38  Roach x20  
  177  10:40  Roach x4  
  184  10:46  Roach x3  
  190  10:51  Roach x3  
  190  10:55  Hive  
  196  11:00  Overseer  
  196  11:09  Roach x3  
  198  11:18  Spine Crawler x2  
  197  11:20  Spine Crawler  
  185  11:41  Roach x7  
  193  11:52  Roach  
  193  11:53  Roach x12  
  195  12:00  Roach x4  
  195  12:01  Roach x2  
  170  12:02  Roach  
  170  12:07  Zerg Missile Weapons Level 3  
  159  12:16  Roach x4  
  159  12:18  Overseer  
  167  12:23  Ravager x3  
  167  12:29  Drone  
  171  12:30  Drone  
  171  12:31  Drone  
  171  12:32  Roach x4  
  171  12:33  Ravager  
  171  12:34  Ravager  
  171  12:36  Overseer  
  183  12:38  Overseer  
  183  12:45  Zerg Ground Armor Level 2  
  183  12:50  Roach x3  
  189  12:59  Roach x4  
  189  13:00  Ravager  
  198  13:12  Hydralisk Den  
  173  13:28  Roach x13  
  181  13:35  Roach  
  181  13:36  Roach x3  
  181  13:37  Roach  
  178  13:43  Roach x3  
  179  13:50  Roach x3  
  179  13:55  Roach x2  
  181  14:03  Roach  
  181  14:04  Roach x4  
  181  14:07  Roach  
  181  14:08  Roach  
  175  14:20  Muscular Augments  
  154  14:24  Hydralisk x5  
  152  14:32  Roach Warren  
  152  14:38  Hydralisk x3  
  145  14:45  Hydralisk x3  
  153  15:01  Hydralisk x2  
  153  15:02  Hydralisk  
  153  15:03  Roach x16  
  159  15:12  Roach x3  
  159  15:14  Ravager x3  
  166  15:15  Ravager  
  166  15:19  Roach  
  166  15:20  Roach  
  173  15:22  Hatchery  
  166  15:29  Roach x5  
  166  15:31  Grooved Spines  
  174  15:42  Roach  
  174  15:43  Roach x5  
  174  15:50  Viper x3  
  174  15:53  Overlord  
  174  15:54  Overseer  
  183  16:01  Overlord x2  
  183  16:02  Overlord  
  169  16:15  Roach x5  
  156  16:22  Roach x4  
Tags
 
Composition
Lurkers
League
Master
Matchup
ZvZ
Race
Zerg
Replay Pack
Europe
Spawn Locations
Close Positions
Add a new tag
Caveats
  • Supply blocks, unpowered buildings, or Contaminate may cause inaccurate times.
  • Supply counts are checked every 10 seconds.